 Dungeon Crawl Stone Soup version 0.24-a0-640-ge7cd8ce796 (webtiles) character file.

Game seed: 13645809003862852312, levelgen mode: deterministic

52584 MirrMurr the Unseen (level 14, 0/70 HPs)
             Began as a Spriggan Enchanter on Sept 25, 2019.
             Was the Champion of Okawaru.
             Killed by vampiric draining
             ... invoked by a vampire
              (9 damage)
             ... on level 13 of the Dungeon.
             The game lasted 01:23:44 (31107 turns).

MirrMurr the Unseen (Spriggan Enchanter)           Turns: 31107, Time: 01:23:45

Health: 0/70       AC: 11    Str: 12    XL:     14   Next: 27%
Magic:  20/25      EV: 34    Int: 24    God:    Okawaru [******]
Gold:   163        SH:  9    Dex: 22    Spells: 8/27 levels left

rFire    . . .     SeeInvis +   a - +5 demon blade of Ygoyrump {vamp, Int+4}
rCold    . . .     Gourm    .   C - +0 buckler
rNeg     . . .     Faith    .   E - +4 robe of Augmentation {Str+4 Int+4 Dex+4}
rPois    +         Spirit   .   H - +1 hat {SInv}
rElec    .         Reflect  .   K - +0 cloak
rCorr    .         Harm     .   (gloves unavailable)
MR       ++...                  (boots unavailable)
Stlth    +++++++...             (no amulet)
HPRegen  0.21/turn              q - ring of poison resistance
MPRegen  0.19/turn              h - +3 ring of protection

@: very quick
A: very small, unfitting armour, see invisible, herbivore, speed 3, slow
metabolism 2
a: Heroism, Finesse, Renounce Religion


You were on level 13 of the Dungeon.
You worshipped Okawaru.
Okawaru was exalted by your worship.
You were not hungry.

You visited 3 branches of the dungeon, and saw 20 of its levels.
You visited 1 bazaar.
You also visited: Sewer.

You collected 1269 gold pieces.
You spent 1106 gold pieces at shops.

Inventory:

Hand Weapons
 a - the +5 demon blade of Ygoyrump (weapon) {vamp, Int+4}
   (Okawaru gifted it to you on level 11 of the Dungeon)

   It inflicts no extra harm, but heals its wielder when it wounds a living foe.
   It affects your intelligence (+4).
 b - a +4 dagger
Missiles
 e - 470 stones (quivered)
 f - 118 sling bullets
 l - 41 poisoned darts
 J - 4 curare-tipped darts
Armour
 B - +2 pearl dragon scales
 C - a +0 buckler (worn)
 E - the +4 robe of Augmentation (worn) {Str+4 Int+4 Dex+4}
   (You acquired it on level 11 of the Dungeon)

   It affects your strength (+4).
   It affects your intelligence (+4).
   It affects your dexterity (+4).
 H - a +1 hat of see invisible (worn)
 K - a +0 cloak (worn)
 P - +2 swamp dragon scales
Jewellery
 h - a +3 ring of protection (right hand)
 q - a ring of poison resistance (left hand)
 u - an uncursed ring of resist corrosion
 y - the ring "Laugg" {rF+ rC+}
   (You found it on level 6 of the Dungeon)

   [ring of protection from fire]

   It protects you from fire.
   It protects you from cold.
 N - an uncursed amulet of harm {unknown}
Wands
 k - a wand of acid (32)
 m - a wand of iceblast (7)
 p - a wand of paralysis (11)
 v - a wand of enslavement (16)
 F - a wand of digging (5)
 L - a wand of clouds (6)
 O - a wand of flame (21)
Scrolls
 g - 14 scrolls of teleportation
 i - 3 scrolls of identify
 j - 3 scrolls of blinking
 r - 9 scrolls of remove curse
 w - a scroll of magic mapping
 G - a scroll of fog
 M - a scroll of enchant weapon
 Q - a scroll of holy word {unknown}
Potions
 d - 2 potions of might
 n - 3 potions of mutation
 o - 4 potions of agility
 s - a potion of berserk rage
 t - 7 potions of flight
 x - 2 potions of brilliance
 z - 8 potions of curing
 A - a potion of resistance
 D - 3 potions of heal wounds
 I - 2 potions of invisibility
Comestibles
 c - 12 rations


   Skills:
 + Level 6.5 Fighting
 - Level 8.0(11.0) Short Blades
 * Level 9.3(10.1) Long Blades
 + Level 15.4 Dodging
 + Level 15.6 Stealth
 - Level 7.2 Shields
 + Level 7.2 Spellcasting
 - Level 10.0 Hexes
 * Level 1.5 Summonings


You had 8 spell levels left.
You knew the following spells:

 Your Spells              Type           Power        Failure   Level  Hunger
a - Ensorcelled Hibernat  Hex/Ice        ####..       1%          2    None
b - Confuse               Hex            ######..     1%          3    None
c - Tukima's Dance        Hex            ######..     1%          3    None
d - Dazzling Spray        Conj/Hex       ####..       2%          3    None
e - Summon Butterflies    Summ           ###.....     3%          1    None
g - Shroud of Golubria    Chrm/Tloc      #.....       11%         2    None
v - Summon Mana Viper     Hex/Summ       #####...     19%         5    #####..

Your spell library contained the following spells:

 Spells                   Type           Power        Failure   Level  Hunger
 Corona                   Hex            ######.      1%          1    None
 Spectral Weapon          Hex/Chrm       ####....     2%          3    None
 Animate Skeleton         Necr           N/A          7%          1    None
 Beastly Appendage        Tmut           #.....       7%          1    None
 Freeze                   Ice            #...         7%          1    None
 Infusion                 Chrm           #...         7%          1    None
 Pain                     Necr           #...         7%          1    None
 Song of Slaying          Chrm           #.......     11%         2    None
 Sticks to Snakes         Tmut           #.......     11%         2    None
 Throw Frost              Conj/Ice       #.....       11%         2    None
 Call Canine Familiar     Summ           ###.....     11%         3    None
 Darkness                 Hex            ######....   19%         6    ######.
 Ozocubu's Armour         Chrm/Ice       #.......     22%         3    None
 Regeneration             Chrm/Necr      #.........   22%         3    None
 Spider Form              Tmut/Pois      #.........   22%         3    None
 Vampiric Draining        Necr           #.........   22%         3    None
 Silence                  Hex/Air        ####......   26%         5    #####..
 Summon Ice Beast         Ice/Summ       ##......     45%         4    ###....
 Animate Dead             Necr           N/A          56%         4    ###....
 Ice Form                 Ice/Tmut       #.......     56%         4    ###....
 Throw Icicle             Conj/Ice       #.......     56%         4    ###....
 Blade Hands              Tmut           #.........   89%         5    #####..
 Borgnjor's Vile Clutch   Necr/Erth      #.........   89%         5    #####..
 Shadow Creatures         Summ           N/A          99%         6    ######.
 Summon Hydra             Summ           ###.......   100%        7    #######


Dungeon Overview and Level Annotations

Branches:
Dungeon (13/15)            Temple (1/1) D:6            Lair (6/6) D:8
 Shoals (0/4) Lair:2        Snake (0/4) Lair:4        Slime (0/5) Lair:5
    Orc (0/2) D:12          Sewer (visited)
 Vaults: D:13-14

Altars:
Ashenzari
Cheibriados
Dithmenos
Elyvilon
Fedhas
Gozag
Hepliaklqana
Kikubaaqudgha
Makhleb
Nemelex Xobeh
Okawaru
Qazlal
Ru
Sif Muna
Trog
Uskayaw
Vehumet
Wu Jian
Xom
Yredelemnul
Zin
The Shining One
Jiyva

Shops:
D:4 ?*(   D:5 *

Annotations:
D:3 3 runed translucent doors, dxctxrx's ghost, amateur GnFE; opiumtea's ghost, amateur DrNe
D:8 exclusion: 2 doors
D:10 3 runed translucent doors, Eurus's ghost, journeyman NaVM; oberejnoburuli's ghost, journeyman DrEE
Lair:5 2 transporters
Lair:6 Kirke


Innate Abilities, Weirdness & Mutations

You are very small and have problems with some larger weapons.
You are too small for most types of armour.
You have supernaturally acute eyesight. (SInv)
You are a herbivore.
You cover ground extremely quickly.
You need to consume almost no food.


Message History

The arrow barely misses the centaur.
The centaur shoots an arrow.
The arrow misses you.
The arrow hits the centaur.
The centaur warrior closely misses you.
The stone giant throws a large rock.
The large rock closely misses you.
Items here: (( ) † a large rock; a +0 shortbow; 25 arrows; a centaur corpse Unknown command.
You slice the centaur!!
You kill the centaur!
Okawaru accepts your kill. The centaur misses you.
You block the centaur warrior's attack.
The vampire cries.
The vampire completely misses you. x2; The stone giant throws a large rock.
The large rock hits you!!
* * * LOW HITPOINT WARNING * * *
You hit the vampire.
The vampire is almost destroyed.
The vampire seems less confused.
You block the centaur warrior's attack.
The vampire is infused with unholy energy.
You die...

#.###.# # #.....#.#
#.(...#.#. #.........
#.....#...
##.###.........
#....()cC...#.. #cc..#
.# #@cW.# .# #. #cV..#
.# #..####.#### .# #
#.....((#####.#.######
##.##((.........##...#
#(#.####.### #...#
#.#.#......# #...###
#.#.#..###.###.<....
#.#.#.#..........#..


You could see a stone giant, a centaur warrior, a vampire (invisible), a wraith
and 4 centaurs.

Vanquished Creatures
  Nessos (Lair:5)
  Snorg (D:11)
  2 anacondas (Lair:4)
  3 hydras
  2 two-headed ogres
  A catoblepas (Lair:2)
  A deep troll earth mage (D:13)
  Urug (Lair:4)
  Sonja (Lair:1)
  An unseen horror (D:10)
  A wolf spider zombie (D:13)
  A deep elf mage (D:8)
  2 ugly things (D:11)
  A cyclops (D:12)
  A manticore (D:13)
  13 elephants
  Psyche (D:8)
  A gargoyle (D:13)
  6 black mambas
  2 rime drakes
  6 spiny frogs
  8 komodo dragons
  7 polar bears
  3 trolls
  5 hornets
  2 slime creatures (D:12)
  7 blink frogs
  Prince Ribbit (D:8)
  A dream sheep (Lair:6)
  9 hippogriffs
  Sigmund (D:4)
  A wyvern (Lair:5)
  13 spriggans
  28 yaks
  2 vampires
  A human (D:11)
  10 hogs
  2 hungry ghosts
  4 basilisks
  4 nagas (Lair:4)
  An acid dragon (D:11)
  22 water moccasins
  6 porcupines
  9 orc warriors
  2 ice beasts
  2 phantoms
  2 black bears
  3 ogres
  An eye of draining (D:13)
  5 boggarts
  22 wolves
  11 centaurs
  13 crocodiles
  12 bullfrogs
  2 big kobolds
  Blork the orc (D:5)
  A wyvern skeleton (D:10)
  2 scorpions
  15 killer bees
  6 wights
  3 howler monkeys
  3 electric eels (D:12)
  6 crimson imps
  2 centaur zombies
  2 bullfrog zombies
  9 hounds
  A quasit (D:11)
  9 orc priests
  A bullfrog skeleton (D:10)
  4 jellies
  5 centaur skeletons
  Ijyb (D:3)
  14 iguanas
  6 worker ants
  Natasha (thrice) (D:3)
  13 orc wizards
  A howler monkey zombie (D:8)
  2 worker ant zombies
  4 gnolls (D:7)
  14 adders
  A river rat (Sewer)
  3 shadow imps
  2 adder zombies (D:5)
  An adder skeleton (D:7)
  2 worms
  2 dart slugs
  7 leopard geckos
  47 orcs
  3 ball pythons
  5 bats
  6 giant cockroaches
  10 goblins
  9 hobgoblins
  8 jackals
  5 quokkas
  A ball python skeleton (D:5)
  6 frilled lizards
  A giant cockroach zombie (D:5)
  A jackal skeleton (D:9)
  A jackal zombie (D:8)
  16 kobolds
  2 quokka zombies (D:5)
  12 rats
  A plant (Lair:6)
551 creatures vanquished.

Vanquished Creatures (collateral kills)
  An ogre (D:11)
  2 wights (D:8)
  An orc (D:7)
  A jackal (D:10)
5 creatures vanquished.

Vanquished Creatures (others)
  4 slime creatures (D:12)
  3 dancing weapons
  An electric eel (D:8)
  A worker ant (D:13)
  A kobold (D:12)
  13 fungi
  5 plants
  4 withered plants
32 creatures vanquished.

Grand Total: 588 creatures vanquished

Notes
Turn   | Place    | Note
-------+----------+-------------------------------------------
     0 | D:1      | MirrMurr the Spriggan Enchanter began the quest for the
                  | Orb.
     0 | D:1      | Reached XP level 1. HP: 9/9 MP: 5/5
   410 | D:1      | Reached XP level 2. HP: 13/13 MP: 4/6
   412 | D:1      | Reached skill level 5 in Stealth
   416 | D:1      | Learned a level 2 spell: Ensorcelled Hibernation
  1405 | D:1      | Reached XP level 3. HP: 6/16 MP: 1/8
  1598 | D:1      | Learned a level 3 spell: Confuse
  3108 | D:2      | Reached XP level 4. HP: 21/21 MP: 9/9
  3967 | D:3      | Found a runed translucent gate.
  3968 | D:3      | Found a runed translucent gate.
  3988 | D:3      | Found a runed translucent gate.
  4046 | D:3      | Reached XP level 5. HP: 24/24 MP: 10/10
  4051 | D:3      | Learned a level 3 spell: Tukima's Dance
  4060 | D:3      | Noticed Ijyb
  4062 | D:3      | Killed Ijyb
  4434 | D:3      | Noticed dxctxrx's ghost (amateur GnFE)
  4434 | D:3      | Noticed opiumtea's ghost (amateur DrNe)
  4729 | D:3      | Noticed Natasha
  4760 | D:3      | Killed Natasha
  5429 | D:3      | Noticed Natasha
  5551 | D:3      | Killed Natasha
  5698 | D:3      | Found a runed translucent gate.
  5698 | D:3      | Found a runed translucent gate.
  5698 | D:3      | Found a runed translucent gate.
  6007 | D:3      | Noticed Natasha
  6012 | D:3      | Killed Natasha
  6012 | D:3      | Reached XP level 6. HP: 28/28 MP: 11/11
  6381 | D:4      | Found Waukyu's Distillery.
  6394 | D:4      | Noticed Sigmund
  6492 | D:4      | Found Wugaitimuabo's Magic Scroll Shop.
  6628 | D:3      | HP: 2/42 [poisoned by Sigmund]
  6636 | D:3      | HP: 2/42 [poisoned by Sigmund]
  7008 | D:4      | Found Josasch's Antique Weapon Shop.
  7027 | D:4      | Reached skill level 5 in Short Blades
  7152 | D:4      | Killed Sigmund
  7400 | D:4      | Reached skill level 5 in Hexes
  7486 | D:4      | Found Lucsoq's Assorted Antiques.
  7682 | D:4      | Reached XP level 7. HP: 32/32 MP: 10/13
  7688 | D:4      | Learned a level 3 spell: Dazzling Spray
  7830 | D:5      | Entered Level 5 of the Dungeon
  7994 | D:5      | Noticed Blork the orc
  7998 | D:5      | Found Zuage's Assorted Antiques.
  8139 | D:5      | Killed Blork the orc
  9173 | D:5      | Found a burning altar of Makhleb.
  9445 | D:5      | Reached skill level 1 in Fighting
  9445 | D:5      | Reached XP level 8. HP: 27/37 MP: 1/15
  9817 | D:6      | Found a glowing drain.
  9821 | Sewer    | Entered a sewer
 10280 | Sewer    | Reached skill level 5 in Dodging
 10305 | Sewer    | Found a white marble altar of Elyvilon.
 10636 | D:6      | Found a staircase to the Ecumenical Temple.
 10643 | Temple   | Entered the Ecumenical Temple
 10945 | Temple   | Became a worshipper of Warmaster Okawaru
 10989 | D:6      | Got a sparkling brass ring
 10997 | D:6      | Got a bound granite ring
 11891 | D:7      | Reached * piety under Okawaru
 12350 | D:7      | Reached XP level 9. HP: 27/45 MP: 4/16
 12593 | D:7      | Found a sacrificial altar of Ru.
 13440 | D:8      | Found a staircase to the Lair.
 13627 | D:8      | Noticed Prince Ribbit
 13635 | D:8      | Killed Prince Ribbit
 14056 | D:8      | Noticed Psyche
 14082 | D:8      | Killed Psyche
 14082 | D:8      | Reached ** piety under Okawaru
 14257 | D:8      | Reached skill level 10 in Dodging
 14285 | D:8      | Reached skill level 10 in Stealth
 14384 | D:8      | Noticed a deep elf mage
 14441 | D:8      | Killed a deep elf mage
 14735 | D:9      | Reached *** piety under Okawaru
 14735 | D:9      | Reached XP level 10. HP: 49/49 MP: 17/17
 14903 | D:9      | Identified the ring "Fetsepaxt" {rF- MR+ MP-9 Str+9 Stlth+}
                  | (You found it on level 6 of the Dungeon)
 14906 | D:9      | Identified the ring "Laugg" {rF+ rC+} (You found it on
                  | level 6 of the Dungeon)
 15929 | D:10     | Entered Level 10 of the Dungeon
 16264 | D:10     | Reached **** piety under Okawaru
 16378 | D:10     | Reached skill level 1 in Long Blades
 16533 | D:10     | Noticed an unseen horror
 16538 | D:10     | Killed an unseen horror
 16703 | D:10     | Found a runed translucent gate.
 16704 | D:10     | Found a runed translucent gate.
 16704 | D:10     | Found a runed translucent gate.
 16705 | D:10     | Noticed oberejnoburuli's ghost (journeyman DrEE)
 16705 | D:10     | Noticed Eurus's ghost (journeyman NaVM)
 16725 | D:10     | Reached skill level 5 in Spellcasting
 16797 | D:10     | Noticed a two-headed ogre
 17101 | D:10     | Killed a two-headed ogre
 17101 | D:10     | Reached ***** piety under Okawaru
 17101 | D:10     | Reached XP level 11. HP: 54/54 MP: 14/19
 17459 | D:11     | Noticed an eight-headed hydra
 17461 | D:11     | Found a shimmering altar of Xom.
 17462 | D:11     | Killed an eight-headed hydra
 17840 | D:11     | Noticed a red ugly thing
 17862 | D:11     | Killed a red ugly thing
 18148 | D:11     | Reached skill level 5 in Fighting
 18180 | D:11     | Noticed Snorg
 18663 | D:11     | Killed Snorg
 18753 | D:11     | Received a gift from Okawaru
 18935 | Lair:1   | Entered Level 1 of the Lair of Beasts
 18935 | Lair:1   | Noticed Sonja
 18940 | Lair:1   | Killed Sonja
 18940 | Lair:1   | Reached ****** piety under Okawaru
 20130 | Lair:2   | Reached skill level 10 in Hexes
 20141 | Lair:2   | Reached XP level 12. HP: 60/60 MP: 16/22
 20233 | Lair:2   | Noticed a catoblepas
 20255 | Lair:2   | Found a staircase to the Shoals.
 20682 | Lair:2   | You fall into a shaft and drop 1 floor!
 20701 | Lair:3   | Received a gift from Okawaru
 20814 | Lair:2   | Killed a catoblepas
 21304 | Lair:3   | Found a shattered altar of Ashenzari.
 21375 | Lair:3   | Reached skill level 5 in Long Blades
 21688 | Lair:3   | You fall into a shaft and drop 2 floors!
 21689 | Lair:5   | Noticed Nessos
 21694 | Lair:5   | Killed Nessos
 21694 | Lair:5   | Reached skill level 15 in Stealth
 21839 | Lair:4   | Reached skill level 1 in Shields
 22059 | Lair:3   | Reached skill level 15 in Dodging
 22766 | Lair:4   | Noticed an eight-headed hydra
 22769 | Lair:4   | Killed an eight-headed hydra
 22769 | Lair:4   | Received a gift from Okawaru
 22783 | Lair:4   | Got a distressingly furry robe {god gift}
 22798 | Lair:3   | Identified the +1 robe of the Known World {rPois Dex+6
                  | Stlth-} (Okawaru gifted it to you on level 4 of the Lair of
                  | Beasts)
 22846 | Lair:4   | Found a staircase to the Snake Pit.
 23230 | Lair:4   | Noticed an anaconda
 23245 | Lair:4   | Killed an anaconda
 23298 | Lair:4   | Noticed an anaconda
 23301 | Lair:4   | Killed an anaconda
 23302 | Lair:4   | Reached XP level 13. HP: 65/65 MP: 23/23
 23373 | Lair:4   | Noticed Urug
 23382 | Lair:4   | Killed Urug
 23996 | Lair:5   | Found a staircase to the Slime Pits.
 23996 | Lair:5   | Found a viscous altar of Jiyva.
 24002 | Lair:5   | Found a transporter.
 24050 | Lair:5   | Identified a scroll of acquirement
 24261 | Lair:5   | Learned a level 2 spell: Shroud of Golubria
 24263 | Lair:5   | Learned a level 1 spell: Summon Butterflies
 24269 | Lair:5   | Learned a level 5 spell: Summon Mana Viper
 24291 | Lair:5   | Reached skill level 5 in Shields
 24837 | Lair:5   | Found a transporter.
 25057 | Lair:6   | Entered Level 6 of the Lair of Beasts
 26038 | Lair:6   | Noticed Kirke
 27835 | Lair:5   | Received a gift from Okawaru
 28457 | Lair:6   | Reached XP level 14. HP: 50/70 MP: 21/24
 29285 | D:12     | Found a flickering gateway to a bazaar.
 29338 | Bazaar   | Entered a bazaar
 29338 | Bazaar   | Found Exotef's Food Shoppe.
 29338 | Bazaar   | Found Kaanereu's Assorted Antiques.
 29342 | Bazaar   | Found Liomen's Gadget Shoppe.
 29356 | Bazaar   | Found Bocw's General Store.
 29376 | Bazaar   | Bought +2 swamp dragon scales for 806 gold pieces
 29380 | Bazaar   | Bought a scroll labeled KIUCAMU ISUDWIEX for 25 gold pieces
 29380 | Bazaar   | Bought a potion of agility for 100 gold pieces
 29380 | Bazaar   | Bought a potion of heal wounds for 125 gold pieces
 29386 | Bazaar   | Bought a ration for 50 gold pieces
 29912 | D:11     | Received a gift from Okawaru
 29915 | D:11     | Got a scorched demon blade {god gift}
 29916 | D:11     | Identified the +5 demon blade of Ygoyrump {vamp, Int+4}
                  | (Okawaru gifted it to you on level 11 of the Dungeon)
 29958 | D:11     | Found the +4 robe of Augmentation {Str+4 Int+4 Dex+4}
 30493 | D:12     | Found a staircase to the Orcish Mines.
 30608 | D:13     | Noticed a stone giant
 30973 | D:13     | Reached skill level 1 in Summonings
 31107 | D:13     | Killed from afar by a vampire

Levels and vault maps discovered:
D:1:      dpeg_arrival_round_c, layout_rooms, serial_curves, eino_curves_02,
          eino_curves_01
D:2:      layout_basic, first_ration
D:3:      layout_loops_ring, gammafunk_ghost_cemetery, uniq_ijyb, uniq_natasha
D:4:      layout_cave_pools, serial_bayou, serial_bayou_pond_d,
          serial_bayou_shore_b, serial_bayou_shore_b, serial_bayou_ford_a,
          serial_shops, shop_scrolls, shop, shop, kennysheep_mini, uniq_sigmund
D:5:      minmay_chambers_of_threes, layout_loops_corners, serial_bayou,
          serial_bayou_lagoon_a, serial_bayou_pond_a, serial_bayou_pond_b,
          serial_bayou_pond_d, serial_shops, shop, makhleb_blood_cavern_becter,
          uniq_blork_the_orc
D:6:      layout_basic, minmay_temple_entry_waves, gup_sewer_entry_bowl
D:7:      layout_gridville, kennysheep_little_box
D:8:      cheibrodos_two_vegetables, layout_cave_pods, lair_entry_dummy,
          uniq_psyche, uniq_prince_ribbit1
D:9:      layout_cave_pods
D:10:     layout_cave_pods, gammafunk_ghost_cemetery
D:11:     layout_big_octagon, basic_altar, grunt_livestock, minivault_19,
          uniq_snorg
D:12:     layout_cave_pools, erik_orc_2, serial_shops, bzr_firewalk
D:13:     layout_basic, grunt_decor_arrowhead, minmay_diamond_spiral
Temple:   roderic_octagonal_lattice_temple
Lair:1:   layout_regular_city, lemuel_fruit_fields, lemuel_fruit_fields,
          infiniplex_staircase_pool_2, uniq_sonja
Lair:2:   layout_loops_ring, shoals_dummy_entry
Lair:3:   beast_lair_carwin_large_1, layout_gridlike, basic_altar
Lair:4:   beast_lair_carwin_large_3, layout_misc_corridors,
          guppyfry_snake_entry_garden, uniq_urug
Lair:5:   gammafunk_cloud_chamber, layout_regular_city, slime_altar_1,
          minivault_27, uniq_nessos
Lair:6:   minmay_lair_end_enchanted_forest, layout_misc_corridors,
          serial_bayou_shore_b, uniq_kirke

Skill      XL: |  1  2  3  4  5  6  7  8  9 10 11 12 13 14 |
---------------+-------------------------------------------+-----
Stealth        | 5 6 7 8 10 12 14 15 | 15.6
Short Blades   | 2 3 4 5 7 8 |  8.0
Spellcasting   | 3 4 5 6 7 |  7.2
Hexes          | 5 8 10 | 10.0
Fighting       | 1 4 5 6 |  6.5
Dodging        | 8 10 12 13 15 | 15.4
Long Blades    | 2 4 6 9 |  9.3
Shields        | 4 7 |  7.2
Summonings     | 1 |  1.5

Action                   |  1- 3 |  4- 6 |  7- 9 | 10-12 | 13-15 || total
-------------------------+-------+-------+-------+-------+-------++-------
Melee: Dagger            |   178 |   111 |   377 |   596 |   237 ||  1499
       Falchion          |       |       |       |    19 |   478 ||   497
       Demon blade       |       |       |       |       |   166 ||   166
 Cast: Corona            |     4 |       |       |       |       ||     4
       Ensorcelled Hiber |    30 |    43 |   102 |   205 |   187 ||   567
       Confuse           |       |     7 |    29 |    49 |    23 ||   108
       Tukima's Dance    |       |     1 |     7 |     7 |     6 ||    21
       Dazzling Spray    |       |       |     1 |    13 |       ||    14
Invok: Heroism           |       |       |       |     4 |     1 ||     5
  Use: Scroll            |     1 |     8 |     5 |    13 |     5 ||    32
       Potion            |       |     6 |     1 |       |       ||     7
 Stab: Sleeping          |    19 |    29 |    69 |   128 |    81 ||   326
       Distracted        |     1 |     1 |     1 |       |     4 ||     7
       Confused          |       |     2 |    15 |    31 |    21 ||    69
       Invisible         |       |       |       |     2 |       ||     2
  Eat: Ration            |     1 |     4 |     8 |     8 |     5 ||    26
Armor: Robe              |    15 |     9 |    40 |     5 |    12 ||    81
       Troll leather arm |       |       |       |    48 |    80 ||   128
Dodge: Dodged            |   146 |   106 |   302 |   559 |   997 ||  2110
Block: Buckler           |       |       |       |    20 |   460 ||   480
       Rpst.: Falchion   |       |       |       |     5 |   137 ||   142
       Demon blade       |       |       |       |       |    26 ||    26

Table legend:
 A = Non-vault XP
 B = Vault XP
 C = Vault XP percentage of total XP
 D = Non-vault monster count
 E = Vault monster count
 F = Vault count percentage of total count
                 A         B        C        D         E       F
            +---------+---------+-------+---------+---------+-------
      Total |   50596 |   24525 |  32.6 |     415 |     142 |  25.5
            +---------+---------+-------+---------+---------+-------
        D:1 |      62 |       0 |   0.0 |      29 |       0 |   0.0
        D:2 |      96 |       0 |   0.0 |      22 |       0 |   0.0
        D:3 |     179 |      71 |  28.4 |      25 |       2 |   7.4
        D:4 |     123 |     227 |  64.9 |      10 |       1 |   9.1
        D:5 |     494 |     297 |  37.5 |      13 |      12 |  48.0
        D:6 |     533 |      13 |   2.4 |      10 |       4 |  28.6
        D:7 |     815 |       0 |   0.0 |      23 |       0 |   0.0
        D:8 |    1042 |    1322 |  55.9 |      25 |       5 |  16.7
        D:9 |    1605 |       0 |   0.0 |      20 |       0 |   0.0
       D:10 |    4449 |       0 |   0.0 |      40 |       0 |   0.0
       D:11 |    4716 |    2086 |  30.7 |      34 |       6 |  15.0
       D:12 |    2438 |     831 |  25.4 |      28 |      20 |  41.7
       D:13 |    3313 |     860 |  20.6 |      17 |       1 |   5.6
     Lair:1 |    3668 |     802 |  17.9 |      12 |       1 |   7.7
     Lair:2 |    2650 |       0 |   0.0 |      12 |       0 |   0.0
     Lair:3 |    4752 |    1496 |  23.9 |      23 |       9 |  28.1
     Lair:4 |    2537 |    5019 |  66.4 |       9 |      14 |  60.9
     Lair:5 |   10940 |    3891 |  26.2 |      39 |      16 |  29.1
     Lair:6 |    6184 |    7489 |  54.8 |      24 |      40 |  62.5
      Sewer |       0 |     121 | 100.0 |       0 |      11 | 100.0
            +---------+---------+-------+---------+---------+-------
